 Dungeon Crawl Stone Soup version 0.22.1-1-ga44c0e5 (webtiles) character file.

10542 tifemel the Protected (level 11, -2/105 HPs)
             Began as a Minotaur Fighter on Sept 30, 2018.
             Was a High Priest of Okawaru.
             Killed from afar by a starcursed mass (8 damage)
             ... with an accursed screaming
             ... on level 3 of the Abyss.
             The game lasted 00:39:34 (9432 turns).

tifemel the Protected (Minotaur Fighter)            Turns: 9432, Time: 00:39:35

Health: -2/105     AC: 22    Str: 21      XL:     11   Next: 37%
Magic:  13/19      EV:  7    Int:  2 (5)  God:    Okawaru [*****.]
Gold:   626        SH:  0    Dex: 11      Spells: 10/10 levels left

rFire    . . .     SeeInvis +   O - +2 battleaxe of the Extremes {freeze, rN+ MP+9 Str-4}
rCold    . . .     Gourm    .   (shield currently unavailable)
rNeg     + . .     Faith    .   n - +0 plate armour
rPois    .         Spirit   .   L - +2 hat
rElec    .         Reflect  .   t - +0 cloak
rCorr    .         Harm     .   o - +0 pair of gloves
MR       .....                  G - +0 pair of boots
Stlth    ..........             F - amulet of regeneration
HPRegen  0.67/turn              q - ring of see invisible
MPRegen  0.16/turn              B - +2 ring of strength

@: very slow
A: retaliatory headbutt, horns 2
a: Heroism, Finesse, Renounce Religion


You were on level 3 of the Abyss.
You worshipped Okawaru.
Okawaru was extremely pleased with you.
You were hungry.

You visited 2 branches of the dungeon, and saw 11 of its levels.
You visited the Abyss 2 times.

You collected 626 gold pieces.

Inventory:

Hand Weapons
 a - a +0 war axe
 I - a +0 shortbow
 O - the +2 battleaxe of the Extremes (weapon) {freeze, rN+ MP+9 Str-4}
   (Okawaru gifted it to you on level 10 of the Dungeon)

   It has been specially enchanted to freeze those struck by it, causing extra
   injury to most foes and up to half again as much damage against particularly
   susceptible opponents.
   It can also slow down cold-blooded creatures.
   It affects your strength (-4).
   It protects you from negative energy.
   It affects your magic capacity (+9).
 Q - the +4 battleaxe "Yrufic" {chop, *Rage rC+++ rN++ Dex-3}
   (You took it off an orc warrior on level 10 of the Dungeon)

   It inflicts extra damage upon your enemies.
   It affects your dexterity (-3).
   It renders you almost immune to cold.
   It greatly protects you from negative energy.
   It may make you go berserk in combat.
Missiles
 j - 101 arrows
Armour
 b - a +0 scale mail
 c - a +0 shield
 n - a +0 plate armour (worn)
 o - a +0 pair of gloves (worn)
 t - a +0 cloak (worn)
 G - a +0 pair of boots (worn)
 L - a +2 hat (worn)
Jewellery
 q - a ring of see invisible (left hand)
 y - an uncursed ring of wizardry
 B - a +2 ring of strength (right hand)
 F - an amulet of regeneration (around neck)
 P - an uncursed amulet of faith {unknown}
Wands
 z - a wand of digging (11)
 E - a wand of random effects (14)
 J - a wand of enslavement (9)
 K - a wand of polymorph (8)
Scrolls
 e - 2 scrolls of blinking
 h - 9 scrolls of remove curse
 k - 3 scrolls of enchant weapon {unknown}
 m - 5 scrolls of teleportation
 s - 2 scrolls of fog
 v - 3 scrolls of immolation
 w - 2 scrolls of amnesia {unknown}
 C - 2 scrolls of enchant armour {unknown}
 H - 2 scrolls of identify
 N - a scroll of random uselessness {unknown}
Potions
 d - 3 potions of might
 g - 6 potions of curing
 i - a potion of invisibility {unknown}
 l - a potion of ambrosia {unknown}
 p - 3 potions of magic
 r - 4 potions of heal wounds
 u - 3 potions of lignification
 x - a potion of resistance {unknown}
 A - a potion of agility {unknown}
 D - a potion of flight {unknown}
 M - a potion of berserk rage {unknown}
Comestibles
 f - 22 rations


   Skills:
 + Level 12.6 Fighting
 + Level 12.4 Axes
 + Level 12.6 Armour
 - Level 3.7 Shields


You had 10 spell levels left.
You didn't know any spells.
Your spell library contained the following spells:

 Spells                   Type           Power        Failure   Level  Hunger
 Beastly Appendage        Tmut           #.....       100%        1    ##.....
 Corona                   Hex            #......      100%        1    ##.....
 Ensorcelled Hibernation  Hex/Ice        #.....       100%        2    ###....
 Sticks to Snakes         Tmut           #.......     100%        2    ###....
 Confuse                  Hex            #.......     100%        3    ####...
 Dazzling Spray           Conj/Hex       #.....       100%        3    ####...
 Spider Form              Tmut/Pois      #.........   100%        3    ####...
 Tukima's Dance           Hex            #.......     100%        3    ####...
 Ice Form                 Ice/Tmut       #.......     100%        4    #####..
 Blade Hands              Tmut           #.........   100%        5    ######.


Dungeon Overview and Level Annotations

Branches:
Dungeon (10/15)            Temple (1/1) D:7            Lair (0/6) D:8
    Orc (0/2) D:10

Altars:
Dithmenos
Elyvilon
Fedhas
Gozag
Hepliaklqana
Kikubaaqudgha
Nemelex Xobeh
Okawaru
Qazlal
Ru
Sif Muna
Trog
Uskayaw
Wu Jian
Xom
Zin

Annotations:
D:10 Erolcha


Innate Abilities, Weirdness & Mutations

You reflexively headbutt those who attack you in melee.
You have a pair of horns on your head.


Message History

* * * LOW HITPOINT WARNING * * *
You hold your ground!
The thrashing horror tramples you but does no damage. x2
The thrashing horror tramples you but does no damage. x2
The thrashing horror roars!
The thrashing horror tramples you.
* * * LOW HITPOINT WARNING * * *
You hold your ground!
The thrashing horror tramples you but does no damage.
You enter the shallow water.
Moving in this stuff is going to be slow.
The eidolon gestures.
The eidolon radiates an aura of fear!
You easily resist.
The starcursed mass shrieks in your mind.
* * * LOW HITPOINT WARNING * * *
The eidolon gestures.
The eidolon radiates an aura of fear!
You resist with some effort.
A starcursed mass splits.
A chorus of shrieks assaults your mind.
You die...

#.XX.≈≈≈≈♣§≈≈≈♣
#.###♣X≈≈≈≈#≈≈#
#..#≈≈XX≈#≈#≈≈.
##.≈≈≈≈≈≈≈#≈≈#.
##♣≈≈≈W≈.≈≈...
##≈≈♣≈≈≈.≈≈##
#.≈≈≈≈≈≈#♣≈#
#≈♣≈≈≈≈≈#≈≈#
#≈≈≈≈§≈.@♣..#
..≈≈≈≈≈≈#§≈..##
#≈≈≈≈≈§≈#≈≈..#
≈≈≈≈≈≈≈.≈≈.#..#
≈≈≈≈≈≈≈#≈≈....#
.#...#.....###
#..##.....#
#.....#


You could see 3 starcursed masses and an eidolon.

Vanquished Creatures
  Gastronok (D:8)
  Harold (D:7)
  A two-headed ogre (D:10)
  Joseph (D:8)
  A komodo dragon (D:10)
  A troll (D:8)
  A hornet (D:9)
  A hippogriff (D:8)
  6 yaks (D:9)
  Menkaure (D:7)
  A soldier ant (D:9)
  2 water moccasins
  4 orc warriors
  3 sky beasts
  3 ice beasts
  A black bear (D:9)
  A necrophage (D:9)
  6 ogres
  3 wolves (D:8)
  A crocodile (D:9)
  2 centaurs
  2 big kobolds (D:9)
  Blork the orc (D:6)
  5 bullfrogs
  2 water moccasin skeletons
  2 scorpions
  10 wights
  3 electric eels (D:8)
  A small abomination (Abyss:2)
  A howler monkey (D:6)
  A centaur zombie (D:10)
  2 crimson imps
  A quasit (D:6)
  Crazy Yiuf (D:2)
  2 centaur skeletons (D:10)
  12 orc priests
  5 hounds
  3 jellies
  2 bullfrog skeletons (D:7)
  4 iguanas
  11 orc wizards
  7 worker ants
  A killer bee zombie (D:8)
  2 hound skeletons
  A worker ant zombie (D:6)
  A howler monkey skeleton (D:6)
  16 adders
  4 shadow imps
  3 adder skeletons
  3 worms
  3 dart slugs
  5 leopard geckos
  53 orcs
  5 giant cockroaches
  11 goblins
  7 hobgoblins
  10 jackals
  3 quokkas
  2 ball pythons (D:1)
  5 bats
  7 frilled lizards
  9 kobolds
  A leopard gecko skeleton (D:8)
  A quokka skeleton (D:9)
  2 rats (D:1)
275 creatures vanquished.

Notes
Turn   | Place    | Note
-------+----------+-------------------------------------------
     0 | D:1      | tifemel the Minotaur Fighter began the quest for the Orb.
     0 | D:1      | Reached XP level 1. HP: 19/19 MP: 0/0
   137 | D:1      | Reached XP level 2. HP: 19/27 MP: 1/1
   695 | D:1      | Reached XP level 3. HP: 31/33 MP: 2/2
  1283 | D:2      | Found a faded altar of an unknown god.
  1437 | D:2      | Reached XP level 4. HP: 41/41 MP: 3/3
  1711 | D:2      | Found a runed door.
  1715 | D:2      | Noticed Crazy Yiuf
  1717 | D:2      | Cast into level 1 of the Abyss (Crazy Yiuf)
  1729 | D:2      | Escaped the Abyss
  1734 | D:2      | Killed Crazy Yiuf
  2388 | D:3      | Reached XP level 5. HP: 46/47 MP: 4/4
  2399 | D:3      | Reached skill level 5 in Fighting
  2406 | D:3      | Reached skill level 5 in Armour
  2603 | D:3      | Found a deep blue altar of Sif Muna.
  3166 | D:4      | Reached XP level 6. HP: 52/56 MP: 5/5
  3317 | D:5      | Entered Level 5 of the Dungeon
  3369 | D:5      | Reached skill level 5 in Axes
  3736 | D:5      | Reached XP level 7. HP: 44/63 MP: 6/6
  4024 | D:6      | Noticed Blork the orc
  4047 | D:6      | Killed Blork the orc
  4609 | D:6      | Found a shimmering altar of Xom.
  4707 | D:6      | Reached XP level 8. HP: 49/73 MP: 7/7
  5000 | D:6      | Found a shadowy altar of Dithmenos.
  5029 | D:6      | Found an ancient bone altar of Kikubaaqudgha.
  5569 | D:7      | Found a staircase to the Ecumenical Temple.
  5569 | D:7      | Noticed Menkaure
  5574 | D:7      | Killed Menkaure
  5589 | Temple   | Entered the Ecumenical Temple
  5647 | Temple   | Became a worshipper of Warmaster Okawaru
  5753 | D:7      | Noticed Harold
  5763 | D:7      | Killed Harold
  5763 | D:7      | Reached * piety under Okawaru
  5763 | D:7      | Reached XP level 9. HP: 56/83 MP: 8/8
  5800 | D:7      | Reached ** piety under Okawaru
  6391 | D:8      | Reached skill level 10 in Fighting
  6391 | D:8      | Reached skill level 10 in Armour
  6464 | D:8      | Found a staircase to the Lair.
  6467 | D:8      | Noticed a troll
  6478 | D:8      | Killed a troll
  6499 | D:8      | Reached skill level 10 in Axes
  6657 | D:8      | Reached *** piety under Okawaru
  6717 | D:8      | Noticed Gastronok
  6844 | D:8      | Killed Gastronok
  6844 | D:8      | Reached **** piety under Okawaru
  6844 | D:8      | Reached ***** piety under Okawaru
  6844 | D:8      | Reached XP level 10. HP: 47/95 MP: 7/9
  7161 | D:8      | Noticed Joseph
  7258 | D:8      | Killed Joseph
  7258 | D:8      | Received a gift from Okawaru
  8047 | D:9      | Reached XP level 11. HP: 54/104 MP: 10/10
  8171 | D:9      | Found a shimmering altar of Xom.
  8174 | D:9      | Found a shimmering altar of Xom.
  8175 | D:9      | Found a shimmering altar of Xom.
  8175 | D:9      | Found a shimmering altar of Xom.
  8175 | D:9      | Found a shimmering altar of Xom.
  8175 | D:9      | Found a shimmering altar of Xom.
  8260 | D:9      | Found a hide-covered altar of Uskayaw.
  8354 | D:9      | Paralysed by a hornet for 1 turns
  8675 | D:10     | Entered Level 10 of the Dungeon
  8845 | D:10     | Found a staircase to the Orcish Mines.
  9022 | D:10     | Noticed a two-headed ogre
  9045 | D:10     | Killed a two-headed ogre
  9045 | D:10     | Received a gift from Okawaru
  9045 | D:10     | Reached ****** piety under Okawaru
  9046 | D:10     | Got a brightly glowing battleaxe {god gift}
  9048 | D:10     | Identified the +2 battleaxe of the Extremes {freeze, rN+
                  | MP+9 Str-4} (Okawaru gifted it to you on level 10 of the
                  | Dungeon)
  9272 | D:10     | Got a faintly glowing battleaxe {chop}
  9273 | D:10     | Identified the +4 battleaxe "Yrufic" {chop, *Rage rC+++
                  | rN++ Dex-3} (You took it off an orc warrior on level 10 of
                  | the Dungeon)
  9309 | D:10     | Noticed Erolcha
  9313 | D:10     | Cast into level 2 of the Abyss (Erolcha)
  9350 | Abyss:2  | Noticed a mana viper
  9355 | Abyss:2  | Noticed a mana viper
  9365 | Abyss:2  | Noticed a mana viper
  9366 | Abyss:2  | Noticed a mana viper
  9386 | Abyss:3  | Noticed an eidolon
  9407 | Abyss:3  | Noticed a thrashing horror
  9407 | Abyss:3  | Noticed a thrashing horror
  9408 | Abyss:3  | Noticed a starcursed mass
  9408 | Abyss:3  | Noticed a thrashing horror
  9422 | Abyss:3  | HP: 4/105 [thrashing horror (4)]
  9429 | Abyss:3  | HP: 3/105 [starcursed mass/accursed screaming (8)]
  9432 | Abyss:3  | Killed from afar by a starcursed mass

Skill      XL: |  1  2  3  4  5  6  7  8  9 10 11 |
---------------+----------------------------------+-----
Armour         | 4 5 6 7 9 11 12 | 12.6
Fighting       | 4 5 6 7 9 11 12 | 12.6
Axes           | 3 4 5 6 8 10 11 12 | 12.4
Shields        | |  3.7

Action                   |  1- 3 |  4- 6 |  7- 9 | 10-12 || total
-------------------------+-------+-------+-------+-------++-------
Melee: War axe           |   149 |   156 |   277 |   305 ||   887
       Headbutt          |    11 |    27 |    64 |    67 ||   169
       Punch             |       |       |     2 |       ||     2
       Battleaxe         |       |       |       |    38 ||    38
Invok: Heroism           |       |       |     1 |     1 ||     2
  Use: Scroll            |       |       |     9 |       ||     9
  Eat: Chunk             |     1 |     6 |     9 |     5 ||    21
       Ration            |       |     1 |       |     1 ||     2
Armor: Scale mail        |    51 |       |       |       ||    51
       Plate armour      |    39 |   103 |   198 |   222 ||   562
Dodge: Dodged            |    36 |    38 |    80 |   109 ||   263
Block: Shield            |    87 |    53 |       |       ||   140
